 Dungeon Sprint DCSS version 0.21.0-24-g2553a33 (webtiles) character file.

72 letownia2 the Ruffian (level 4, -5/45 HPs)
             Began as a Troll Wizard on Jan 20, 2018.
             Drowned by a water elemental (6 damage)
             ... in the Dungeon (Sprint III: "The Ten Rune Challenge").
             The game lasted 00:01:04 (217 turns).

letownia2 the Ruffian (Troll Wizard)                 Turns: 217, Time: 00:01:05

Health: -5/45      AC:  5    Str: 15    XL:     4   Next: 6%
Magic:  1/6        EV:  9    Int: 15    God:
Gold:   15         SH:  0    Dex:  8    Spells: 0/7 levels left

rFire    x . .     SeeInvis .     - Unarmed
rCold    + . .     Gourm    +   (no shield)
rNeg     . . .     Faith    .   a - +0 robe
rPois    .         Spirit   .   b - +0 hat
rElec    .         Reflect  .   (no cloak)
rCorr    .         Harm     .   (gloves unavailable)
MR       .....     NoTele   +   (boots unavailable)
Stlth    +.........             (no amulet)
HPRegen  0.55/turn              k - ring of ice
MPRegen  0.10/turn              (no ring)

@: engulfed (cannot breathe), very slightly contaminated
A: large, unfitting armour, claws 3, fast metabolism 3, gourmand, regeneration
1, shaggy fur 1, tough skin 2
a: no special abilities


You were in the Dungeon.
You were not hungry.

You visited 1 branch You collected 15 gold pieces.

Inventory:

Armour
 a - a +0 robe (worn)
 b - a +0 hat (worn)
Jewellery
 k - a ring of ice (left claw)
Scrolls
 j - a scroll of blinking
Potions
 e - a potion of curing
 f - a potion of heal wounds
 g - a potion of haste
 h - 2 potions of magic
 i - a potion of berserk rage
Books
 c - a book of Minor Magic

   Spells                             Type                      Level
   a - Magic Dart                     Conjuration                  1
   b - Blink                          Translocation                2
   c - Call Imp                       Summoning                    2
   d - Slow                           Hexes                        2
   e - Conjure Flame                  Conjuration/Fire             3
   f - Mephitic Cloud                 Conjuration/Poison/Air       3
Comestibles
 d - 2 rations


   Skills:
 - Level 3.2 Fighting
 - Level 1.5 Dodging
 - Level 1.0 Stealth
 - Level 5.7 Unarmed Combat
 + Level 2.2 Spellcasting
 + Level 1.2 Conjurations
   Level 0.6 Summonings
   Level 0.6 Translocations
 + Level 0.0 Fire Magic
 + Level 0.7 Air Magic
 + Level 0.8 Poison Magic


You couldn't memorise any spells.
You knew the following spells:

 Your Spells              Type           Power        Failure   Level  Hunger
a - Magic Dart            Conj           #...         13%         1    #......
c - Conjure Flame         Conj/Fire      #.......     45%         3    ###....
e - Mephitic Cloud        Conj/Pois/Air  #.......     41%         3    ###....


Dungeon Overview and Level Annotations

Branches:
Dungeon (1/1)

Altars:


Innate Abilities, Weirdness & Mutations

You are too large for most types of armour.
You have claws for hands.
Your metabolism is lightning-fast.
You like to eat raw meat.
Your natural rate of healing is unusually fast.
You are covered in fur. (AC +1)
You have very tough skin. (AC +2)


Message History

The water elemental engulfs you in water!
You barely miss the water elemental.
Your lungs strain for air!
The water elemental hits you.
You scratch the water elemental but do no damage.
Your lungs strain for air!
The water elemental closely misses you.
You claw the water elemental!
The water elemental is heavily damaged.
Your lungs strain for air!
The water elemental hits you!
You claw the water elemental!
The water elemental is severely damaged.
* * * LOW HITPOINT WARNING * * *
Your lungs strain for air!
The water elemental hits you!
* * * LOW HITPOINT WARNING * * *
You barely miss the water elemental.
The water elemental is severely damaged.
You die...

▓.....#....≈.♣♣♣♣.###+#+#
▓.....#...≈≈...♣..#......
▓.....#..≈≈≈≈♣♣♣..'.⌠....
▓####'#..≈≈≈≈≈≈♣♣.#...###
▓.....#.≈≈≈≈≈≈....# ⌠.#
▓.....#.≈≈≈≈≈.....# .#
▓.....#.≈≈≈.......# #
▓'#####......E....#
▓............@....#
▓▓▓▓▓▓▓▓▓▓▓▓▓▓▓▓▓▓▓


You could see a water elemental.

Vanquished Creatures
  A scorpion (D)
  A human (D)
  An ooze (D)
  3 rats (D)
6 creatures vanquished.

Vanquished Creatures (others)
  A draconian scorcher (D)
  6 hellions (D)
  A yaktaur (D)
8 creatures vanquished.

Grand Total: 14 creatures vanquished

Notes
Turn   | Place    | Note
-------+----------+-------------------------------------------
     0 | D        | letownia2 the Troll Wizard began the quest for the Orb.
     0 | D        | Reached XP level 1. HP: 16/16 MP: 2/2
     9 | D        | Reached skill level 1 in Fighting
     9 | D        | Reached skill level 2 in Unarmed Combat
    43 | D        | Noticed a scorpion
    79 | D        | Killed a scorpion
    79 | D        | Reached skill level 5 in Unarmed Combat
    79 | D        | Reached XP level 2. HP: 9/31 MP: 4/4
    79 | D        | Reached XP level 3. HP: 11/37 MP: 5/5
    84 | D        | Learned a level 3 spell: Mephitic Cloud
    98 | D        | Killed a hellion
   104 | D        | Killed a hellion
   105 | D        | Killed a hellion
   107 | D        | Killed a yaktaur
   113 | D        | Killed a hellion
   124 | D        | Killed a hellion
   124 | D        | Killed a hellion
   163 | D        | Killed a white draconian scorcher
   185 | D        | Reached skill level 1 in Conjurations
   185 | D        | Reached XP level 4. HP: 34/45 MP: 6/6
   190 | D        | Learned a level 3 spell: Conjure Flame
   201 | D        | Noticed a water elemental
   216 | D        | HP: 1/45 [water elemental (11)]
   217 | D        | Drowned by a water elemental

Skill      XL: |  1  2  3 |
---------------+----------+-----
Fighting       | 3 |  3.2
Unarmed Combat | 5 |  5.7
Conjurations   | 1 |  1.2
Dodging        | |  1.5
Stealth        | |  1.0
Spellcasting   | |  2.2
Summonings     | |  0.6
Translocations | |  0.6
Air Magic      | |  0.7
Poison Magic   | |  0.8

Action                   |  1- 3 |  4- 6 || total
-------------------------+-------+-------++-------
Melee: Unarmed           |    32 |     6 ||    38
 Cast: Conjure Flame     |       |     1 ||     1
 Stab: Sleeping          |     2 |       ||     2
Armor: Robe              |     8 |     1 ||     9
Dodge: Dodged            |    13 |     1 ||    14
